 Dungeon Crawl Stone Soup version 0.30-a0-55-g90e3122c3a (webtiles) character file.

Game seed: 14433930040719515850

54 zishaf the Trooper (level 3, 0/31 HPs)
             Began as a Ghoul Warper on Sept 9, 2022.
             Slain by Terence
             ... wielding a +0 short sword
              (6 damage)
             ... on level 2 of the Dungeon.
             The game lasted 00:01:31 (1159 turns).

zishaf the Trooper (Ghoul Warper)                   Turns: 1159, Time: 00:01:32

Health: 0/31       AC:  5    Str: 16    XL:     3   Next: 91%
Magic:  4/4        EV: 10    Int:  8    God:
Gold:   27         SH:  0    Dex:  8    Spells: 5/5 levels left

rFire   . . .      SeeInvis .      - Unarmed
rCold   + . .      Faith    .    (no shield)
rNeg    + + +      Spirit   .    e - +0 ring mail
rPois   ∞          Reflect  .    (no helmet)
rElec   .          Harm     .    (no cloak)
rCorr   .          Rampage  .    (no gloves)
Will    .....                    (no boots)
Stlth   ..........               (no amulet)
HPRegen 0.00/turn                (no ring)
MPRegen 0.09/turn                (no ring)

@: inhibited regen
A: claws 1, cold resistance 1, negative energy resistance 3, inhibited
regeneration, torment resistance 2, devour on kill
a: no special abilities


You were on level 2 of the Dungeon.
You visited 1 branch of the dungeon, and saw 2 of its levels.

You collected 27 gold pieces.

Inventory:

Missiles
 c - 6 boomerangs of dispersal (quivered)
 h - a throwing net
Armour
 a - a +0 leather armour
 e - a +0 ring mail (worn)
Scrolls
 b - a scroll of blinking
 d - a scroll of enchant weapon {unknown}
 f - a scroll of poison {unknown}
 g - a scroll of teleportation {unknown}
 i - a scroll of silence {unknown}
 j - a scroll of identify {unknown}
 k - 2 scrolls of noise


   Skills:
 * Level 3.5 Fighting
 - Level 0.8 Throwing
 + Level 1.6 Armour
 + Level 2.3 Dodging
 - Level 2.1 Unarmed Combat
 - Level 1.7 Spellcasting
 - Level 2.6 Translocations


You had 5 spell levels left.
You didn't know any spells.
Your spell library contained the following spells:

 Spells                   Type           Power      Damage    Failure   Level
 Apportation              Tloc           10%        N/A       22%         1
 Blink                    Tloc           10%        N/A       34%         2
 Necrotise                Necr           0%         1d4       56%         1
 Summon Small Mammal      Summ           0%         N/A       56%         1
 Gell's Gravitas          Tloc           5%         N/A       56%         3
 Lesser Beckoning         Tloc           5%         N/A       56%         3
 Teleport Other           Tloc           5%         N/A       56%         3
 Manifold Assault         Tloc           5%         N/A       99%         5
 Summon Hydra             Summ           0%         N/A       100%        7
 Sublimation of Blood     Necr           Unusable   N/A       N/A         2
 Wereblood                Tmut           Unusable   N/A       N/A         2

Dungeon Overview and Level Annotations

Branches:
Dungeon (2/15)

Altars:

Annotations:
D:2 Terence


Innate Abilities, Weirdness & Mutations

You are immune to poison.
You have sharp fingernails.
Your flesh is cold resistant. (rC+)
You are immune to negative energy. (rN+++)
You do not regenerate when monsters are visible.
You are immune to unholy pain and torment.
You thrive by killing the living.


Message History

You scratch Terence but do no damage.
Terence is lightly wounded.
Terence hits you but does no damage.
You barely miss Terence.
Terence is lightly wounded.
Terence hits you with a +0 short sword.
You scratch Terence. Your claw misses Terence.
Terence is lightly wounded.
Terence barely misses you.
You scratch Terence.
Terence is moderately wounded.
Terence hits you with a +0 short sword.
You barely miss Terence.
Terence is moderately wounded.
Terence hits you with a +0 short sword.
Okay, then.
You aren't carrying any potions.
You barely miss Terence.
Terence is moderately wounded.
Terence hits you with a +0 short sword.
You scratch Terence but do no damage.
Terence is moderately wounded.
Terence hits you with a +0 short sword.
* * * LOW HITPOINT WARNING * * *
As you read the scroll labelled LIWIK WIVA, it crumbles to dust.
You hear a loud clanging noise!
It was a scroll of noise.
You hear a shout!
Terence hits you with a +0 short sword.
* * * LOW HITPOINT WARNING * * *
Okay, then.
Throw: 7 boomerangs (disperse)
Press: ? - help, Q - select action, (/) - cycle Shift-Dir - straight line, f - Terence
Aim: Terence, wielding a +0 short sword and wearing a +0 scale mail (moderately wounded, 58% to hit)
You throw a boomerang of dispersal.
The boomerang of dispersal hits Terence but does no damage.
Terence is moderately wounded.
Terence looks scornfully at you. Terence hits you with a +0 short sword.
You die...

## .# .#### ##.# #
## ......##..# .#
####.
.......@..###.#
#....
...###@#.....<#
#.... ...#.#....#
##...# ###.#....###
#....# #........#
#.###. ##...##...#
#.# #. ......##...#
#.# #. ####.......#
#.###.
##.##...#######.....


You could see Terence.

Vanquished Creatures
  A hound (D:2)
  5 endoplasms
  2 goblins
  4 hobgoblins (D:1)
  2 quokkas (D:1)
  2 bats
  2 frilled lizards (D:1)
  2 kobolds (D:1)
  4 rats (D:1)
24 creatures vanquished.

Notes
Turn   | Place    | Note
-------+----------+-------------------------------------------
     0 | D:1      | zishaf the Ghoul Warper began the quest for the Orb.
     0 | D:1      | Reached XP level 1. HP: 17/17 MP: 2/2
    25 | D:1      | Reached skill level 1 in Armour
    47 | D:1      | Reached XP level 2. HP: 10/25 MP: 3/3
   597 | D:1      | Reached skill level 3 in Fighting
   796 | D:2      | Reached XP level 3. HP: 7/31 MP: 4/4
  1140 | D:2      | Noticed Terence
  1159 | D:2      | Slain by Terence

Illustrated notes

Levels and vault maps discovered:
D:1:      dpeg_arrival_tiny_a, layout_rooms, minmay_splitting_lines
D:2:      layout_basic, dilly_ecumenical_altar_fadedgnrine, serial_shops,
          nicolae_lakefront_shop, uniq_terence

Skill      XL: |  1  2 |
---------------+-------+-----
Armour         | 1 |  1.6
Dodging        | 2 |  2.3
Fighting       | 3 |  3.5
Throwing       | |  0.8
Unarmed Combat | |  2.1
Spellcasting   | |  1.7
Translocations | |  2.6

Action                   || total
-------------------------++-------
Melee: Unarmed           ||   125
Throw: Boomerang         ||     1
  Use: Scroll            ||     1
Armor: Leather armour    ||    13
       Ring mail         ||    29
Dodge: Dodged            ||    55

Table legend: (Time is in decaauts)
 A = Elapsed time spent in this place.
 B = Non-inter-level travel time spent in this place.
 C = Inter-level travel time spent in this place.
 D = Time resting spent in this place.
 E = Time spent auto-exploring this place.
 F = Levels seen in this place.
 G = Mean time per level.
                   A        B        C        D        E       F      G
               +--------+--------+--------+--------+--------+-----+--------+
         Total |   1154 |   1131 |     23 |      0 |    917 |   2 |  577.0 |
       Dungeon |   1154 |   1131 |     23 |      0 |    917 |   2 |  577.0 |
               +--------+--------+--------+--------+--------+-----+--------+

Top non-repeatable levels by time:
     D:1: 725 daAuts
     D:2: 429 daAuts
